 Dungeon Crawl Stone Soup version 0.24-a0-537-g2d01d4ab0a (webtiles) character file.

Game seed: 2333209929041596202

25 Mithandil the Skirmisher (level 2, -2/24 HPs)
             Began as a Demonspawn Abyssal Knight on Aug 14, 2019.
             Was a Follower of Lugonu.
             Slain by a kobold
             ... wielding a +0 short sword
              (3 damage)
             ... on level 1 of the Dungeon.
             The game lasted 00:04:35 (301 turns).

Mithandil the Skirmisher (Demonspawn Abyssal Knight) Turns: 301, Time: 00:04:38

Health: -2/24      AC:  3    Str: 12    XL:     2   Next: 86%
Magic:  4/4        EV: 10    Int: 13    God:    Lugonu [*.....]
Gold:   30         SH:  5    Dex: 12    Spells: 1/1 levels left

rFire    . . .     SeeInvis .   a - +1 falchion
rCold    . . .     Gourm    .   e - +2 buckler
rNeg     . . .     Faith    .   b - +0 leather armour
rPois    .         Spirit   .   (helmet restricted)
rElec    .         Reflect  .   (no cloak)
rCorr    .         Harm     .   (no gloves)
MR       .....                  (no boots)
Stlth    +.........             k - amulet of regeneration
HPRegen  0.48/turn              (no ring)
MPRegen  0.09/turn              (no ring)

@: no status effects
A: antennae 1
a: Depart the Abyss, Renounce Religion


You were on level 1 of the Dungeon.
You worshipped Lugonu.
Lugonu was aware of your devotion.
You were not hungry.

You visited 1 branch of the dungeon, and saw 3 of its levels.
You visited the Abyss 1 time.

You collected 30 gold pieces.

Inventory:

Hand Weapons
 a - a +1 falchion (weapon)
Missiles
 g - 14 stones (quivered)
Armour
 b - a +0 leather armour (worn)
 e - a +2 buckler (worn)
Jewellery
 k - an amulet of regeneration (around neck)
 l - an uncursed ring of magical power {unknown}
Scrolls
 d - a scroll of identify {unknown}
 h - a scroll of remove curse {unknown}
 i - 2 scrolls of teleportation {unknown}
Potions
 j - 2 potions of berserk rage
Comestibles
 c - 2 rations
 f - 8 chunks of flesh


   Skills:
 + Level 3.1 Fighting
 * Level 2.1 Long Blades
 + Level 0.4 Throwing
 + Level 2.0 Armour
 + Level 1.1 Dodging
 * Level 0.2 Shields
 + Level 0.4 Unarmed Combat
 + Level 2.7 Invocations


You had one spell level left.
You didn't know any spells.
Your spell library was empty.

Dungeon Overview and Level Annotations

Branches:
Dungeon (3/15)

Altars:


Innate Abilities, Weirdness & Mutations

You have a pair of small antennae on your head.


Message History

You hit the ooze.
The ooze is almost dead.
The leopard gecko bites you.
* * * LOW HITPOINT WARNING * * *
The ooze closely misses you. You block the kobold's attack.
The leopard gecko bites you.
* * * LOW HITPOINT WARNING * * *
Some of the chunks of flesh in your inventory have rotted away.
You miss the leopard gecko.
The leopard gecko is heavily wounded.
The ooze barely misses you. You block the kobold's attack.
The leopard gecko barely misses you.
You hit the leopard gecko but do no damage.
The leopard gecko is heavily wounded.
The ooze barely misses you. You block the leopard gecko's attack.
You block the kobold's attack. The ooze hits you.
* * * LOW HITPOINT WARNING * * *
You block the leopard gecko's attack.
The kobold hits you with a +0 short sword.
You die...

.# .# . .# ... .## .# ... ..#
###. ..#.###.#### ....$.. ....
.#.#........# #.........# ...###
...........# .......... .....###
#....KJl..# ##.......#.
...#...####.....@...###.>........
...###................#..........
............##...>..#............
....................###.........#
......................#.........#
...............................##
...............................#
.......................#.........
#...#######.............#####..##


You could see an ooze, a leopard gecko and a kobold.

Vanquished Creatures
  An ooze (D:1)
  A leopard gecko (D:1)
  A giant cockroach (D:1)
  6 goblins
  A hobgoblin (D:1)
  3 kobolds (D:1)
  2 bats (D:1)
  2 frilled lizards (D:2)
  2 rats (D:1)
19 creatures vanquished.

Notes
Turn   | Place    | Note
-------+----------+-------------------------------------------
     0 | Abyss:1  | Mithandil the Demonspawn Abyssal Knight began the quest for
                  | the Orb.
     0 | Abyss:1  | Reached XP level 1. HP: 18/18 MP: 2/2
    15 | D:1      | Escaped the Abyss
    28 | D:1      | Reached skill level 1 in Dodging
    58 | D:1      | Gained mutation: You have a pair of small antennae on your
                  | head. [demonic ancestry]
    58 | D:1      | Reached XP level 2. HP: 24/24 MP: 3/3
   187 | D:1      | Reached * piety under Lugonu
   301 | D:1      | HP: 1/24 [ooze (4)]
   301 | D:1      | Slain by a kobold

Levels and vault maps discovered:
D:1:      noname_arrival_rooms_in_the_neighbourhood, layout_rooms
D:2:      kb_forest_paths, layout_basic, grunt_temple_overflow_magic_moments,
          fedhas_altar_4, chequers_temple_overflow_minitemple, uniq_robin,
          uniq_natasha
D:3:      layout_rooms, nicolae_tso_swordbearing_angel

Skill      XL: |  1  2 |
---------------+-------+-----
Dodging        | 1 |  1.1
Long Blades    | 2 |  2.1
Armour         | 2 |  2.0
Fighting       | |  3.1
Throwing       | |  0.4
Shields        | |  0.2
Unarmed Combat | |  0.4
Invocations    | |  2.7

Action                   || total
-------------------------++-------
Melee: Falchion          ||    44
  Use: Potion            ||     4
Armor: Leather armour    ||     9
Dodge: Dodged            ||    35
Block: Buckler           ||    12
       Rpst.: Falchion   ||    15

Table legend:
 A = Non-vault XP
 B = Vault XP
 C = Vault XP percentage of total XP
 D = Non-vault monster count
 E = Vault monster count
 F = Vault count percentage of total count
                 A         B        C        D         E       F
            +---------+---------+-------+---------+---------+-------
      Total |      37 |       0 |   0.0 |      19 |       0 |   0.0
            +---------+---------+-------+---------+---------+-------
        D:1 |      33 |       0 |   0.0 |      16 |       0 |   0.0
        D:2 |       4 |       0 |   0.0 |       3 |       0 |   0.0
            +---------+---------+-------+---------+---------+-------
